cohdb
Replays
Latest Replays
All Replays
Popular Replays
Top Player Replays
Match Explorer
How It Works
Community
CoH3 Stats
Reddit
Sign in to upload your games and track your stats! →
Sign in with Steam
Match 42828961
Unlisted
Match 42828961
Overview
Messages
Build Orders
End
Construct Section Command Post
Selects Canadian Shock Battlegroup
Royal Engineer Section
Infantry Section
Vickers Machine Gun Team
Infantry Section
Selects Attacking Spirit
Selects Canadian Shock Section
Construct Platoon Command Post
Humber Armored Car
Selects Burnout
ML 3-inch Mortar Team
6-pounder Anti-tank Gun Team
Construct Company Command Post
Selects Pyrotechnics
Grenade Package
Matilda II Heavy Tank
matjouz
Sarmynation
BLITZKRIEG BOB
Mad)(Cat
0
0
Comments
sign in to comment!
No comments posted yet!